 Dungeon Crawl Stone Soup version 0.18-a0-1774-gce1f7b6 (webtiles) character file.

1472 namelastname112 the Scholar of Death (level 8, -5/60 HPs)
             Began as a Yellow Draconian Necromancer on Apr 15, 2016.
             Was a Follower of Kikubaaqudgha.
             Slain by a purple ugly thing (19 damage)
             ... on level 6 of the Dungeon.
             The game lasted 00:12:53 (6433 turns).

namelastname112 the Scholar of Death (DrNe)         Turns: 6433, Time: 00:12:54

Health: -5/60      AC:  7    Str: 11    XL:     8   Next: 49%
Magic:  8/23       EV: 13    Int: 17    God:    Kikubaaqudgha [*.....]
Gold:   228        SH:  0    Dex: 12    Spells: 4 memorised, 7 levels left

rFire  + . .     SeeInvis .     y - +1 dagger (freeze)
rCold  . . .     Gourm    .     (armour unavailable)
rNeg   . . .     Faith    .     (no shield)
rPois  .         Spirit   .     (helmet restricted)
rElec  .         Dismiss  .     (no cloak)
rCorr  +         Reflect  .     (no gloves)
SustAt .         Harm     .     (no boots)
MR     +....                    (no amulet)
Stlth  ++........               E - ring of magical power
                                l - ring of protection from fire (curse)

@: somewhat resistant to hostile enchantments, unstealthy
A: spit acid, acid resistance, unfitting armour, big wings, frail 1, magic
resistance 1, shaggy fur 1, cold-blooded, AC +6
a: Spit Acid, Fly, Receive Corpses, Renounce Religion


You were on level 6 of the Dungeon.
You worshipped Kikubaaqudgha.
Kikubaaqudgha was aware of your devotion.
You were hungry.

You visited 1 branch of the dungeon, and saw 8 of its levels.

You collected 228 gold pieces.

Inventory:

Hand Weapons
 r - a +0 long sword
 y - a +1 dagger of freezing (weapon)
Jewellery
 g - an uncursed ring of wizardry {unknown}
 l - a cursed ring of protection from fire (left hand)
 E - a ring of magical power (right hand)
Wands
 k - a wand of iceblast (6/15)
 x - a wand of lightning (6/15)
Scrolls
 c - 4 scrolls of identify {unknown}
 d - 2 scrolls of enchant armour {unknown}
 e - a scroll of immolation {unknown}
 h - 4 scrolls of remove curse {unknown}
 n - 2 scrolls of fear {unknown}
 p - a scroll of noise {unknown}
 q - 5 scrolls of recharging {unknown}
 u - a scroll of enchant weapon {unknown}
 v - a scroll of teleportation {unknown}
 C - a scroll of amnesia {unknown}
 D - a scroll of fog {unknown}
Potions
 f - a potion of lignification {unknown}
 i - a potion of cure mutation {unknown}
 j - a potion of heal wounds {unknown}
 o - 3 potions of curing {unknown}
 s - a potion of agility {unknown}
 t - a potion of cancellation {unknown}
 A - 2 potions of magic {unknown}
Books
 a - a book of Necromancy

   Spells                             Type                      Level
   a - Pain                           Necromancy                   1
   b - Animate Skeleton               Necromancy                   1
   c - Vampiric Draining              Necromancy                   3
   d - Regeneration                   Charms/Necromancy            3
   e - Animate Dead                   Necromancy                   4
   f - Control Undead                 Necromancy                   4
 z - Kikubaaqudgha's Incunabulum of Black Rites
   (Kikubaaqudgha gifted it to you on level 4 of the Dungeon)

   Spells                             Type                      Level
   a - Animate Skeleton               Necromancy                   1
   b - Corpse Rot                     Necromancy                   2
   c - Sublimation of Blood           Necromancy                   2
   d - Vampiric Draining              Necromancy                   3
   e - Control Undead                 Necromancy                   4
 B - a book of the Warp

   Spells                             Type                      Level
   a - Recall                         Summoning/Translocation      3
   b - Gell's Gravitas                Hexes/Translocation          3
   c - Force Lance                    Conjuration/Translocation    4
   d - Warp Weapon                    Charms/Translocation         5
   e - Summon Forest                  Summoning/Translocation      5
Comestibles
 b - 2 bread rations
 m - 3 meat rations
 w - a slice of pizza


   Skills:
 + Level 4.6 Fighting
 + Level 3.7 Long Blades
 + Level 4.4 Dodging
 - Level 1.7 Stealth
 + Level 4.0 Spellcasting
 * Level 7.5 Necromancy


You had 7 spell levels left.
You knew the following spells:

 Your Spells              Type           Power        Failure   Level  Hunger
a - Animate Skeleton      Necr           N/A          1%          1    None
d - Regeneration          Chrm/Necr      ###.......   12%         3    ###....
s - Vampiric Draining     Necr           ####......   1%          3    ###....
z - Pain                  Necr           ####         1%          1    None


Dungeon Overview and Level Annotations

Branches:
Dungeon (8/15)             Temple (0/1) D:4
   Lair: D:8-11

Altars:
Ashenzari
Fedhas
Kikubaaqudgha
Vehumet
The Shining One


Innate Abilities, Weirdness & Mutations

You can spit globs of acid.
You are resistant to acid.
Your golden yellow scales are hard (AC +6).
Your body does not fit into most forms of armour.
You are cold-blooded and may be slowed by cold attacks.
Your large and strong wings let you fly indefinitely.
You are frail (-10% HP).
You are resistant to hostile enchantments.
You are covered in fur (AC +1).


Message History

The purple ugly thing punches you!
You take 2 damage, and have 27/60 hp.
You now have 14/23 mp.
Casting: Vampiric Draining
Confirm with . or Enter, or press ? or * to list all spells.
Aiming: Vampiric Draining
Press: ? - help, Shift-Dir - straight line, f/p - purple ugly thing
Aim: a purple ugly thing (moderately wounded)
The purple ugly thing is heavily wounded.
You feel life coursing into your body. The purple ugly thing punches you!!
* * * LOW HITPOINT WARNING * * *
You take 17 damage, and have 10/60 hp.
MASSIVE DAMAGE!!
You now have 11/23 mp.
Casting: Vampiric Draining
Confirm with . or Enter, or press ? or * to list all spells.
Aiming: Vampiric Draining
Press: ? - help, Shift-Dir - straight line, f/p - purple ugly thing
Aim: a purple ugly thing (heavily wounded)
The purple ugly thing is heavily wounded.
You feel life coursing into your body. The purple ugly thing punches you!!
You die...
Kikubaaqudgha rasps: "You have failed me!
Welcome... death!"

#)#'###..#..#..#..#..
#.#..(...#.....#.....
#.#......#.....#.....
#.###################
#(((.((..............
#....................
#####################
#......#.....#.....
#.@....#.....#.....
#u###..#..#..#..#..
#! #..#..#..#..#.. #.
#.....#.....#.. #?
#.....#.....#.. ##
###############


You could see a purple ugly thing.

Vanquished Creatures
  A sky beast (D:8)
  An ice beast (D:7)
  2 phantoms
  A crocodile (D:6)
  A centaur (D:6)
  A giant frog (D:6)
  4 scorpions
  A howler monkey (D:6)
  A crimson imp (D:6)
  A centaur skeleton (D:6)
  An orc priest (D:6)
  2 hounds
  A giant frog skeleton (D:4)
  Jessica (D:3)
  5 orc wizards
  4 worker ants
  5 adders
  A shadow imp (D:6)
  4 oozes
  6 worms
  3 dart slugs
  6 giant geckos
  11 orcs
  6 giant cockroaches
  12 goblins
  11 hobgoblins
  19 jackals
  3 quokkas
  4 ball pythons
  9 bats
  7 giant newts
  3 kobolds
  A quokka zombie (D:5)
  10 rats
149 creatures vanquished.

Vanquished Creatures (collateral kills)
  A rat (D:3)
1 creature vanquished.

Vanquished Creatures (others)
  A worker ant (D:6)
1 creature vanquished.

Grand Total: 151 creatures vanquished

Notes
Turn   | Place    | Note
--------------------------------------------------------------
     0 | D:1      | namelastname112 the Draconian Necromancer began the quest for the Orb.
     0 | D:1      | Reached XP level 1. HP: 14/14 MP: 3/3
     2 | D:1      | Learned a level 1 spell: Animate Skeleton
    51 | D:1      | xeno23: все кароч
   244 | D:1      | xeno23: я запускаю СУПЕРТАБ
   260 | D:1      | xeno23: DDFi
   269 | D:1      | xeno23: of hlebushek
   281 | D:1      | Reached XP level 2. HP: 21/22 MP: 1/5
   319 | D:1      | xeno23: with super axe
   372 | D:1      | namelastname112: лол
   372 | D:1      | namelastname112: совсем обленился
   691 | D:1      | Reached skill level 1 in Fighting
   793 | D:1      | Reached XP level 3. HP: 27/28 MP: 3/6
  1101 | D:1      | Learned a level 3 spell: Vampiric Draining
  1666 | D:2      | Reached XP level 4. HP: 36/36 MP: 4/7
  1784 | D:2      | Found a radiant altar of Vehumet.
  1786 | D:2      | Found a glowing golden altar of the Shining One.
  1892 | D:2      | Reached skill level 5 in Necromancy
  2049 | D:2      | Learned a level 3 spell: Regeneration
  2653 | D:3      | Found a faded altar to an unknown god.
  2734 | D:3      | Reached XP level 5. HP: 30/41 MP: 1/8
  2819 | D:3      | Found an ancient bone altar of Kikubaaqudgha.
  2827 | D:3      | Became a worshipper of Kikubaaqudgha
  3010 | D:3      | Reached skill level 1 in Long Blades
  3203 | D:3      | Noticed Jessica
  3208 | D:3      | Killed Jessica
  3572 | D:4      | Found a staircase to the Ecumenical Temple.
  3734 | D:4      | Reached XP level 6. HP: 23/50 MP: 2/10
  4110 | D:4      | Found a shattered altar of Ashenzari.
  4496 | D:4      | Reached skill level 6 in Necromancy
  4664 | D:4      | Your scales start taking on a golden yellow colour.
  4664 | D:4      | Reached XP level 7. HP: 34/56 MP: 6/11
  4668 | D:4      | Reached * piety under Kikubaaqudgha
  4668 | D:4      | Received a gift from Kikubaaqudgha
  4671 | D:4      | Identified Kikubaaqudgha's Incunabulum of Black Rites (Kikubaaqudgha gifted it to you on level 4 of the Dungeon)
  5165 | D:5      | Entered Level 5 of the Dungeon
  5230 | D:5      | You fall through a shaft for 3 floors!
  5246 | D:8      | Gained mutation: Your large and strong wings let you fly indefinitely. [mutagenic meat]
  5250 | D:8      | Gained mutation: You are frail (-10% HP). [mutagenic meat]
  5251 | D:8      | Gained mutation: You are resistant to hostile enchantments. [mutagenic meat]
  5252 | D:8      | Gained mutation: You are covered in fur (AC +1). [mutagenic meat]
  5357 | D:6      | Found a blossoming altar of Fedhas.
  5807 | D:6      | Reached XP level 8. HP: 23/59 MP: 9/13
  5863 | D:6      | Reached skill level 7 in Necromancy
  6425 | D:6      | Noticed a purple ugly thing
  6433 | D:6      | Slain by a purple ugly thing

Vault maps used:
D:1:      dpeg_arrival_signposts, minmay_cut_off
D:2:      nicolae_overflow_hidden_temple, minivault_19
D:3:      kiku_gazebo_pond_becter, first_bread, ecumenical_altar_2, uniq_jessica
D:4:      kennysheep_spiral_hall, kennysheep_mini_moat, temple_fountains
D:5:      basic_altar
D:6:      kennysheep_windowed_halls, lightli_temple_of_fire,
          overflow_temple_1_default
D:7:      uniq_pikel
D:8:      okawaru_metal_pillars_1_2, lair_0_dummy, grunt_ogre_cave

Skill      XL: |  1  2  3  4  5  6  7  8 |
---------------+-------------------------+-----
Fighting       | 1 2 4 |  4.6
Dodging        | 2 3 4 |  4.4
Necromancy     | 5 6 7 |  7.5
Long Blades    | 1 2 3 |  3.7
Spellcasting   | 3 4 |  4.0
Stealth        | |  1.7

Action                   |  1- 3 |  4- 6 |  7- 9 || total
-------------------------+-------+-------+-------++-------
Melee: Unarmed           |    36 |       |       ||    36
       Tailslap          |     4 |     8 |    15 ||    27
       Dagger            |    11 |    48 |   133 ||   192
       Long sword        |       |    66 |    31 ||    97
 Cast: Pain              |    71 |   122 |    34 ||   227
       Animate Skeleton  |     9 |    14 |     4 ||    27
       Vampiric Draining |       |     9 |    26 ||    35
       Regeneration      |       |       |     5 ||     5
 Abil: Spit Acid         |       |       |     6 ||     6
 Stab: Distracted        |       |     1 |     2 ||     3
       Sleeping          |       |       |     2 ||     2
  Eat: Chunk             |     3 |    11 |    12 ||    26
       Royal jelly       |       |       |     1 ||     1
Armor: Skin              |    12 |    33 |    50 ||    95
Dodge: Dodged            |    41 |    88 |   118 ||   247
